 Dungeon Crawl Stone Soup version 0.25-a0-290-g4a1327ee3a (webtiles) character file.

Game seed: 12466751945094574663, levelgen mode: classic

706 Borgoz the Cutter (level 8, -4/49 HPs)
             Began as a Kobold Fighter on Dec 15, 2019.
             Slain by an ice beast (11 damage)
             ... on level 8 of the Dungeon.
             The game lasted 00:04:16 (2683 turns).

Borgoz the Cutter (Kobold Fighter)                  Turns: 2683, Time: 00:04:17

Health: -4/49      AC:  8    Str: 21    XL:     8   Next: 0%
Magic:  8/8        EV: 12    Int:  9    God:
Gold:   158        SH: 10    Dex: 14    Spells: 7/7 levels left

rFire    . . .     SeeInvis .   a - +0 rapier
rCold    . . .     Gourm    .   c - +0 shield
rNeg     . . .     Faith    .   b - +0 scale mail
rPois    .         Spirit   .   n - +0 helmet
rElec    .         Reflect  .   (no cloak)
rCorr    .         Harm     .   (no gloves)
MR       .....                  (no boots)
Stlth    ..........             (no amulet)
HPRegen  0.16/turn              (no ring)
MPRegen  0.11/turn              (no ring)

@: mighty
A: small, carnivore
a: no special abilities


You were on level 8 of the Dungeon.
You were completely stuffed.

You visited 1 branch of the dungeon, and saw 6 of its levels.

You collected 158 gold pieces.

Inventory:

Hand Weapons
 a - a +0 rapier (weapon)
Missiles
 p - a throwing net (quivered)
Armour
 b - a +0 scale mail (worn)
 c - a +0 shield (worn)
 n - a +0 helmet (worn)
Wands
 k - a wand of acid (1)
Scrolls
 j - 2 scrolls of remove curse
 m - a scroll of fog
Potions
 d - a potion of might
 e - 2 potions of agility
 h - 2 potions of cancellation
 i - a potion of haste
 q - a potion of resistance
Comestibles
 f - 5 rations
 g - 6 chunks of flesh


   Skills:
 * Level 5.3 Fighting
 * Level 5.7 Short Blades
 * Level 3.9 Armour
 * Level 4.4 Dodging
 + Level 3.2 Shields


You had 7 spell levels left.
You didn't know any spells.
Your spell library was empty.

Dungeon Overview and Level Annotations

Branches:
Dungeon (8/15)
 Temple: D:4-7         Lair: D:8-11

Altars:

Annotations:
D:2 1 runed translucent door, Crazy Yiuf


Innate Abilities, Weirdness & Mutations

You are small and have problems with some larger weapons.
You are carnivorous and can eat meat at any time.


Message History

The ice beast hits you but does no damage.
The quokka misses you.
You closely miss the quokka. The ice beast barely misses you.
You block the quokka's attack.
You hit the ice beast.
The ice beast is lightly wounded.
The quokka barely misses you. You block the ice beast's attack.
You block the quokka's attack.
You completely miss the quokka. You block the ice beast's attack.
The quokka closely misses you. You block the ice beast's attack.
You puncture the ice beast!
The ice beast is severely wounded.
The quokka closely misses you. You block the ice beast's attack.
You closely miss the ice beast.
The ice beast is severely wounded.
The quokka bites you but does no damage.
The ice beast hits you.
* * * LOW HITPOINT WARNING * * *
The ice beast freezes you!
You die...

..#............
.......!........
................
...............
#.............
.............
##...........
#..).Y.......
##..@r....###.
..##............
..................
#...........#.......
##..........#......##
<..............#....##
.......##..###........##
#..###..#...§..§..#....#
.# ###....§.§§....#....


You could see an ice beast and a quokka.

Vanquished Creatures
  Grum (D:8)
  4 wolves (D:8)
  A hound (D:8)
  An iguana (D:6)
  Natasha (twice) (D:2)
  Robin (D:2)
  5 adders
  A shadow imp (D:8)
  A worm (D:2)
  3 dart slugs
  2 leopard geckos
  7 bats
  5 giant cockroaches
  14 goblins
  11 hobgoblins
  2 jackals (D:1)
  4 frilled lizards
  6 kobolds
  4 rats
75 creatures vanquished.

Notes
Turn   | Place    | Note
-------+----------+-------------------------------------------
     0 | D:1      | Borgoz the Kobold Fighter began the quest for the Orb.
     0 | D:1      | Reached XP level 1. HP: 14/14 MP: 1/1
    86 | D:1      | Reached XP level 2. HP: 16/19 MP: 2/2
   195 | D:1      | Reached skill level 1 in Dodging
   419 | D:1      | Reached XP level 3. HP: 23/23 MP: 3/3
  1133 | D:2      | Reached XP level 4. HP: 24/29 MP: 4/4
  1529 | D:2      | Noticed Robin
  1553 | D:2      | Killed Robin
  1794 | D:2      | Reached XP level 5. HP: 32/33 MP: 5/5
  1848 | D:2      | Found a runed translucent door.
  1849 | D:2      | Noticed Crazy Yiuf
  1894 | D:2      | Noticed Natasha
  1901 | D:2      | Killed Natasha
  2001 | D:2      | Noticed Natasha
  2018 | D:2      | Killed Natasha
  2424 | D:3      | You fall into a shaft and drop 3 floors!
  2471 | D:6      | Reached XP level 6. HP: 34/39 MP: 6/6
  2631 | D:8      | Noticed a wolf
  2631 | D:8      | Noticed a wolf
  2632 | D:8      | Noticed Grum
  2632 | D:8      | Noticed a wolf
  2634 | D:8      | Noticed a wolf
  2635 | D:8      | Killed a wolf
  2636 | D:8      | Killed a wolf
  2636 | D:8      | Reached skill level 5 in Short Blades
  2636 | D:8      | Reached XP level 7. HP: 30/44 MP: 7/7
  2641 | D:8      | Killed Grum
  2641 | D:8      | Reached skill level 5 in Fighting
  2676 | D:8      | Reached XP level 8. HP: 8/49 MP: 8/8
  2683 | D:8      | Slain by an ice beast

Levels and vault maps discovered:
D:1:      evilmike_arrival_home_sweet_home, layout_loops_ring,
          minmay_misc_feat_encased
D:2:      minmay_wonky_spiral, layout_basic, uniq_natasha,
          uniq_crazy_yiuf_cottage, uniq_robin
D:3:      layout_loops_cross
D:6:      layout_cave_pools, kennysheep_path_1, serial_bayou_pond_c,
          uniq_sigmund, uniq_menkaure
D:7:      layout_rooms, grunt_ogre_cave
D:8:      layout_cave_pools, enter_bailey_2, kennysheep_small_spiral, uniq_grum

Skill      XL: |  1  2  3  4  5  6  7 |
---------------+----------------------+-----
Short Blades   | 3 4 5 |  5.7
Dodging        | 1 2 3 4 |  4.4
Fighting       | 4 5 |  5.3
Armour         | 3 |  3.9
Shields        | 3 |  3.2

Action                   |  1- 3 |  4- 6 |  7- 9 || total
-------------------------+-------+-------+-------++-------
Melee: Rapier            |    91 |   155 |    37 ||   283
Evoke: Wand              |       |     1 |     4 ||     5
  Use: Potion            |       |     1 |     2 ||     3
       Scroll            |       |     9 |       ||     9
  Eat: Chunk             |     9 |     5 |       ||    14
Armor: Scale mail        |    35 |    58 |    18 ||   111
Dodge: Dodged            |    38 |    62 |    25 ||   125
Block: Shield            |    43 |    88 |    30 ||   161

Table legend:
 A = Non-vault XP
 B = Vault XP
 C = Vault XP percentage of total XP
 D = Non-vault monster count
 E = Vault monster count
 F = Vault count percentage of total count
                 A         B        C        D         E       F
            +---------+---------+-------+---------+---------+-------
      Total |     286 |     723 |  71.7 |      55 |      20 |  26.7
            +---------+---------+-------+---------+---------+-------
        D:1 |      30 |       0 |   0.0 |      16 |       0 |   0.0
        D:2 |     125 |      74 |  37.2 |      29 |      15 |  34.1
        D:3 |      24 |       0 |   0.0 |       6 |       0 |   0.0
        D:6 |      37 |       0 |   0.0 |       1 |       0 |   0.0
        D:8 |      70 |     649 |  90.3 |       3 |       5 |  62.5
            +---------+---------+-------+---------+---------+-------
